Map: Divergence LE

Players

Nigrnog

  • Race: Zerg Zerg
  • League: Silver
  • Spawn Location: 5:00

MooEsqoo

  • Race: Protoss Protoss
  • Spawn Location: 5:00

Tatsu - Winner!

  • Race: Protoss Protoss
  • Spawn Location: 11:00

DeadlyKitten - Winner!

  • Race: Protoss Protoss
  • Spawn Location: 11:00

VOD

Have the link to the VOD?

Description

Time

  • Played on: Dec. 5, 2019, 4:35 p.m.
  • Length: 13:41
Show
View Real Time Build Order
Export as new Build Order

Nigrnog Zerg 

Build Orders: Hatch First 

Get SALT Encoding   

  12  0:01  Drone  
  13  0:13  Overlord  
  13  0:17  Drone  
  14  0:45  Drone  
  14  0:49  Drone  
  16  0:56  Drone  
  17  0:58  Drone  
  18  1:07  Hatchery  
  18  1:08  Drone  
  18  1:15  Spawning Pool  
  17  1:18  Drone  
  17  1:21  Extractor  
  17  1:28  Drone  
  18  1:41  Overlord  
  18  1:57  Drone  
  19  2:08  Drone  
  20  2:09  Queen  
  20  2:14  Hatchery, Drone  
  22  2:20  Drone  
  23  2:26  Queen  
  25  2:33  Metabolic Boost  
  25  2:37  Zergling x2  
  26  2:41  Zergling x2  
  27  2:45  Zergling x2  
  27  2:50  Drone x2  
  30  3:00  Zergling x2  
  31  3:06  Lair  
  31  3:08  Drone  
  31  3:12  Drone x2  
  34  3:18  Zergling x4  
  36  3:28  Roach Warren  
  36  3:30  Extractor  
  36  3:31  Drone x2  
  37  3:34  Drone  
  37  3:36  Zergling x2  
  37  3:41  Overlord  
  38  3:48  Queen  
  38  3:51  Drone  
  38  3:54  Drone  
  42  3:58  Overlord  
  42  4:00  Drone  
  42  4:39  Overlord, Roach x2  
  42  4:40  Zergling x6  
  49  4:55  Drone x3  
  52  5:15  Glial Reconstitution  
  52  5:20  Extractor  
  51  5:24  Extractor  
  51  5:27  Drone  
  51  5:28  Extractor, Drone x2  
  51  5:34  Drone x4  
  51  5:41  Spore Crawler  
  51  5:42  Spore Crawler  
  47  5:43  Spore Crawler  
  46  5:50  Drone x2  
  47  5:58  Drone x2  
  47  5:59  Drone x5  
  54  6:10  Spore Crawler  
  53  6:12  Spore Crawler  
  53  6:14  Spore Crawler  
  51  6:26  Drone x2  
  51  6:27  Drone  
  51  6:31  Drone x6  
  60  6:33  Hatchery  
  60  6:34  Spore Crawler  
  60  6:35  Spore Crawler  
  57  6:43  Spire  
  56  6:48  Spire  
  56  6:51  Drone x5  
  60  6:58  Drone  
  61  7:02  Drone x3  
  61  7:08  Drone  
  65  7:11  Overlord x3  
  65  7:14  Overlord  
  65  7:21  Infestation Pit  
  65  7:22  Drone  
  65  7:33  Extractor, Drone x2  
  65  7:34  Drone  
  67  7:57  Spore Crawler  
  66  8:00  Drone x6  
  72  8:12  Drone x3  
  75  8:24  Drone x3  
  75  8:25  Drone x7  
  75  8:26  Drone x2  
  89  8:39  Hive  
  87  8:43  Queen  
  87  8:46  Zerg Flyer Weapons Level 1  
  87  8:48  Zerg Flyer Armor Level 1  
  89  8:49  Mutalisk  
  89  8:50  Mutalisk x6  
  89  8:52  Overlord x4  
  89  8:53  Overlord x2  
  101  9:05  Mutalisk  
  101  9:06  Mutalisk x2  
  101  9:08  Corruptor x2  
  102  9:17  Spore Crawler  
  102  9:20  Spore Crawler  
  98  9:28  Mutalisk  
  98  9:29  Mutalisk  
  100  9:46  Corruptor x2  
  104  10:02  Hatchery  
  103  10:12  Hatchery  
  102  10:16  Corruptor x3  
  102  10:18  Corruptor  
  110  10:24  Hatchery, Corruptor  
  106  10:45  Corruptor x2  
  106  10:46  Corruptor  
  107  11:13  Corruptor x3  
  74  11:39  Drone x2  
  77  11:40  Drone  
  72  12:14  Corruptor x4  
  72  12:15  Corruptor x3  
  84  12:22  Drone  
  85  12:25  Extractor  
  85  12:29  Extractor  
  83  12:30  Extractor, Queen  
  83  12:32  Extractor  
  83  12:33  Drone x2  
  83  12:36  Queen  
  84  12:39  Overlord x3  
  84  12:41  Drone, Queen  
  84  12:42  Drone  
  71  12:53  Overlord x4  
  71  12:54  Overlord  
  57  13:28  Spawning Pool  
Show
View Real Time Build Order
Export as new Build Order

MooEsqoo Protoss 

Build Orders:  

Get SALT Encoding   

  12  0:01  Probe  
  13  0:29  Probe  
  13  0:31  Pylon  
  14  0:42  Probe  
  15  0:59  Gateway  
  15  1:10  Pylon  
  15  1:15  Assimilator  
  15  1:17  Probe (Chrono Boost)  
  17  1:25  Assimilator  
  17  1:27  Probe (Chrono Boost)  
  17  1:29  Pylon  
  17  1:32  Probe (Chrono Boost)  
  18  1:43  Probe  
  19  1:49  Cybernetics Core  
  19  1:51  Gateway  
  19  1:57  Gateway  
  19  2:08  Probe  
  22  2:20  Probe  
  21  2:25  Stalker (Chrono Boost)  
  21  2:28  Warp Gate  
  23  2:32  Probe  
  24  2:48  Stalker (Chrono Boost)  
  28  2:59  Stalker (Chrono Boost)  
  28  3:00  Shield Battery  
  28  3:04  Shield Battery  
  28  3:09  Probe  
  29  3:18  Stalker  
  31  3:20  Stalker  
  31  3:21  Probe  
  34  3:39  Stargate, Probe  
  35  3:46  Stalker  
  37  3:51  Probe  
  38  4:20  Pylon  
  38  4:25  Pylon  
  38  4:27  Pylon  
  38  4:38  Stalker x2  
  42  4:43  Probe  
  43  4:52  Sentry  
  45  4:58  Nexus  
  45  5:02  Probe  
  46  5:08  Stalker x2  
  50  5:15  Probe  
  51  5:22  Pylon  
  51  5:24  Assimilator  
  51  5:27  Probe  
  52  5:28  Assimilator  
  52  5:37  Zealot  
  52  5:38  Oracle (Chrono Boost)  
  52  5:39  Probe  
  58  5:58  Stalker  
  58  5:59  Stalker x2  
  61  6:30  Stalker x3  
  59  6:57  Forge  
  59  7:02  Probe x2  
  61  7:14  Probe x2  
  63  7:18  Void Ray  
  67  7:26  Probe x2  
  69  7:38  Probe x2  
  69  7:41  Pylon  
  71  7:57  Photon Cannon  
  71  8:00  Photon Cannon  
  71  8:03  Probe x2  
  73  8:15  Probe x2, Twilight Council  
  75  8:27  Probe x2  
  75  8:30  Pylon  
  77  8:35  Photon Cannon  
  77  8:50  Stalker x2  
  77  8:51  Stalker  
  83  9:24  Void Ray (Chrono Boost)  
  83  9:26  Stalker x3  
  93  9:46  Nexus  
  93  10:16  Pylon  
  93  10:17  Stalker x2  
  97  10:24  Gateway  
  97  10:25  Gateway  
  97  10:28  Gateway  
  97  10:30  Probe x2, Gateway  
  97  10:32  Gateway  
  99  10:42  Probe x2  
  98  10:58  Probe, Robotics Facility  
  98  10:59  Probe x2  
  101  11:04  Assimilator  
  101  11:10  Probe  
  101  11:11  Probe x2  
  103  11:12  Assimilator  
  103  11:14  Pylon  
  88  11:58  Probe  
  88  11:59  Probe x2  
  91  12:06  Photon Cannon  
  91  12:08  Photon Cannon  
  89  12:10  Probe  
  89  12:11  Probe x2  
  56  12:24  Probe x3  
  57  12:36  Probe x3  
Show
View Real Time Build Order
Export as new Build Order

Tatsu Protoss - Winner!

Build Orders: Carriers 

Get SALT Encoding   

  12  0:00  Probe  
  13  0:13  Probe  
  14  0:17  Pylon  
  14  0:25  Probe  
  15  0:36  Gateway  
  15  0:51  Probe  
  16  1:03  Probe, Assimilator  
  17  1:14  Pylon  
  17  1:15  Probe  
  18  1:27  Probe, Cybernetics Core  
  19  1:42  Probe  
  20  1:54  Probe  
  21  2:06  Probe  
  22  2:18  Probe  
  23  2:23  Zealot  
  23  2:26  Nexus  
  25  2:30  Probe  
  25  2:31  Pylon  
  26  2:42  Probe  
  26  2:43  Assimilator  
  27  2:54  Stalker  
  29  3:11  Probe  
  30  3:22  Stalker (Chrono Boost)  
  30  3:23  Probe  
  33  3:35  Probe  
  33  3:39  Probe  
  35  3:44  Stalker  
  35  3:47  Probe, Assimilator  
  38  3:51  Probe  
  38  3:52  Assimilator  
  39  3:59  Probe  
  39  4:00  Stargate  
  40  4:03  Probe  
  41  4:12  Probe  
  42  4:20  Zealot  
  38  4:44  Fleet Beacon  
  38  4:47  Zealot  
  38  4:52  Probe x2 (Chrono Boost)  
  42  4:56  Oracle (Chrono Boost)  
  45  5:04  Probe (Chrono Boost)  
  46  5:22  Pylon  
  46  5:35  Pylon  
  46  5:37  Carrier (Chrono Boost)  
  46  5:40  Probe x2  
  54  5:53  Probe x2  
  56  6:05  Probe x2  
  58  6:17  Probe x2  
  60  6:25  Protoss Air Weapons Level 1  
  60  6:27  Pylon  
  60  6:29  Pylon, Probe x2  
  60  6:32  Pylon  
  62  6:34  Pylon  
  62  6:40  Carrier  
  68  7:01  Nexus  
  68  7:06  Pylon  
  68  7:09  Pylon  
  68  7:17  Probe (Chrono Boost)  
  68  7:18  Probe (Chrono Boost), Assimilator  
  70  7:23  Assimilator  
  70  7:27  Mothership (Chrono Boost)  
  78  7:42  Carrier  
  81  7:53  Probe  
  83  8:05  Probe  
  83  8:17  Probe  
  84  8:21  Stargate  
  84  8:22  Stargate  
  84  8:26  Pylon  
  84  8:34  Forge  
  84  8:36  Probe  
  84  8:37  Probe  
  86  8:43  Carrier (Chrono Boost)  
  92  8:48  Probe  
  93  9:09  Protoss Air Weapons Level 2  
  93  9:11  Carrier x2 (Chrono Boost)  
  111  9:48  Carrier (Chrono Boost)  
  105  10:12  Carrier (Chrono Boost)  
  105  10:13  Pylon, Carrier (Chrono Boost)  
  117  10:15  Pylon  
  117  10:17  Pylon  
  117  10:18  Pylon  
  117  10:20  Pylon  
  117  10:28  Pylon  
  117  11:03  Shield Battery  
  117  11:05  Shield Battery  
  117  11:07  Photon Cannon  
  117  11:08  Photon Cannon  
  117  11:09  Photon Cannon  
  109  11:35  Carrier x3  
  127  12:20  Pylon  
  127  12:23  Pylon  
  127  12:43  Probe  
  127  12:44  Probe x2  
  142  12:56  Probe  
Show
View Real Time Build Order
Export as new Build Order

DeadlyKitten Protoss - Winner!

Build Orders:  

Get SALT Encoding   

  12  0:01  Probe (Chrono Boost)  
  13  0:27  Probe  
  14  0:32  Pylon  
  14  0:45  Probe  
  15  0:55  Gateway  
  15  0:58  Probe (Chrono Boost)  
  16  1:06  Assimilator  
  16  1:10  Probe (Chrono Boost)  
  17  1:32  Probe  
  18  1:44  Probe  
  18  1:46  Pylon  
  19  1:52  Nexus  
  19  1:55  Assimilator  
  19  1:58  Probe  
  20  2:09  Cybernetics Core  
  20  2:29  Zealot (Chrono Boost)  
  22  2:45  Warp Gate  
  22  2:49  Zealot  
  24  2:56  Twilight Council  
  24  3:12  Probe (Chrono Boost)  
  25  3:32  Stargate  
  25  3:38  Pylon  
  25  3:40  Probe (Chrono Boost)  
  25  3:41  Pylon, Assimilator  
  26  3:50  Probe (Chrono Boost)  
  26  3:55  Probe (Chrono Boost)  
  28  4:08  Probe (Chrono Boost)  
  29  4:15  Probe (Chrono Boost)  
  33  4:25  Probe (Chrono Boost)  
  33  4:27  Oracle  
  34  4:37  Gateway  
  34  4:38  Gateway  
  34  4:40  Gateway  
  34  4:41  Gateway  
  34  4:42  Probe (Chrono Boost)  
  34  4:43  Gateway  
  34  4:44  Gateway  
  35  4:52  Probe (Chrono Boost), Assimilator  
  36  4:58  Forge  
  36  6:05  Protoss Ground Weapons Level 1  
  36  6:21  Blink  
  33  6:32  Fleet Beacon  
  33  6:42  Pylon  
  33  6:45  Pylon  
  33  6:53  Probe (Chrono Boost)  
  34  7:03  Probe (Chrono Boost)  
  34  7:08  Probe (Chrono Boost)  
  36  7:22  Stargate  
  36  7:23  Stargate  
  36  7:26  Pylon  
  36  7:48  Probe (Chrono Boost)  
  37  7:57  Probe (Chrono Boost)  
  38  8:02  Probe (Chrono Boost), Stalker x2  
  38  8:03  Stalker x5  
  53  8:14  Probe  
  54  8:26  Probe  
  55  8:36  Pylon  
  55  8:42  Carrier x2  
  67  9:40  Pylon  
  67  10:07  Stalker x2  
  67  10:08  Stalker x5  
  73  10:52  Stalker x2  
  73  10:53  Stalker x5  
  53  11:27  Stalker x2  
  53  11:28  Stalker x5  
  59  12:02  Carrier x2  
  59  12:03  Carrier  
  59  12:04  Stalker  
  59  12:05  Stalker  
  73  12:43  Stalker x7  
Tags
 
Add a new tag
Caveats
  • Supply blocks, unpowered buildings, or Contaminate may cause inaccurate times.
  • Supply counts are checked every 10 seconds.